 Dungeon Crawl Stone Soup version 0.29.0-13-gc9e81de378 (webtiles) character file.

Game seed: 4024662920627650296

1363 lmSkywalker the Summoner (level 8, -1/49 HPs)
             Began as a Tengu Summoner on Sept 7, 2022.
             Was an Initiate of Yredelemnul.
             Slain by a wight
             ... wielding a +3 scimitar
              (16 damage)
             ... on level 6 of the Dungeon on Sept 8, 2022.
             The game lasted 00:48:28 (7722 turns).

lmSkywalker the Summoner (Tengu Summoner)           Turns: 7722, Time: 00:48:28

Health: -1/49      AC:  2    Str:  8    XL:     8   Next: 64%
Magic:  24/26      EV: 16    Int: 18    God:    Yredelemnul [......]
Gold:   389        SH:  5    Dex: 15    Spells: 8/18 levels left

rFire   + . .      SeeInvis .   I - +0 whip (drain)
rCold   + + .      Faith    .   (no shield)
rNeg    . . .      Spirit   .   a - +0 robe
rPois   .          Reflect  +   n - +0 hat
rElec   .          Harm     .   y - scarf {rC+ rF+}
rCorr   .          Rampage  .   (no gloves)
Will    .....                   (boots unavailable)
Stlth   ++........              D - amulet of reflection
HPRegen 0.16/turn               c - ring of magical power
MPRegen 0.20/turn               e - ring of protection from cold

@: marked, flying quickly and evasively, quick
A: beak, talons 3, nimble flight
a: Renounce Religion, Recall Undead Harvest


You were on level 6 of the Dungeon.
You worshipped Yredelemnul.
Yredelemnul was noncommittal.
You visited 2 branches of the dungeon, and saw 8 of its levels.

You collected 389 gold pieces.

Inventory:

Hand Weapons
 d - a +0 whip
 i - a +1 dagger of flaming
 I - a +0 whip of draining (weapon)
Armour
 a - a +0 robe (worn)
 n - a +0 hat (worn)
 u - a +0 cloak
 y - a scarf of resistance (worn)
 F - a +1 ring mail of poison resistance
 H - a +1 scale mail of cold resistance
Jewellery
 c - a ring of magical power (left hand)
 e - a ring of protection from cold (right hand)
 D - an amulet of reflection (around neck)
 G - a ring of ice
 L - a ring of positive energy
Wands
 t - a wand of flame (19)
Scrolls
 f - 2 scrolls of fog
 h - a scroll of blinking {unknown}
 j - 2 scrolls of poison
 k - a scroll of enchant weapon {unknown}
 m - 4 scrolls of teleportation
 o - 2 scrolls of immolation
 r - 2 scrolls of amnesia {unknown}
 s - 2 scrolls of fear {unknown}
 v - 2 scrolls of vulnerability {unknown}
 z - a scroll of torment {unknown}
 C - a scroll of acquirement {unknown}
 J - a scroll of silence {unknown}
Potions
 b - 3 potions of magic
 g - 2 potions of cancellation
 l - a potion of berserk rage
 p - 5 potions of lignification
 q - 3 potions of haste
 w - a potion of degeneration {unknown}
 x - a potion of ambrosia {unknown}
 A - a potion of mutation {unknown}
 B - a potion of invisibility {unknown}
 E - 3 potions of curing
 M - a potion of might {unknown}


   Skills:
 + Level 5.1 Fighting
 - Level 4.1 Dodging
 - Level 2.0 Stealth
 + Level 5.6 Spellcasting
 + Level 8.4 Summonings


You had 8 spell levels left.
You knew the following spells:

 Your Spells              Type           Power      Damage    Failure   Level
a - Summon Small Mammal   Summ           100%       N/A       1%          1
b - Call Imp              Summ           35%        N/A       1%          2
c - Call Canine Familiar  Summ           35%        N/A       1%          3
d - Summon Lightning Spi  Summ/Air       20%        N/A       22%         4

Your spell library contained the following spells:

 Spells                   Type           Power      Damage    Failure   Level
 Summon Guardian Golem    Hex/Summ       20%        N/A       7%          3
 Ensorcelled Hibernation  Hex/Ice        10%        N/A       19%         2
 Passwall                 Tmut/Erth      4%         N/A       19%         2
 Static Discharge         Conj/Air       5%         3-4/arc   19%         2
 Animate Armour           Summ/Erth      40%        N/A       22%         4
 Swiftness                Air            5%         N/A       36%         3
 Dispel Undead            Necr           5%         3d7       77%         4
 Sticky Flame             Conj/Fire      5%         2d3       77%         4
 Blade Hands              Tmut           2%         N/A       98%         5
 Iron Shot                Conj/Erth      2%         9d2       100%        6
 Malign Gateway           Summ/Tloc      10%        N/A       100%        7
 Summon Horrible Things   Summ           17%        N/A       100%        8


Dungeon Overview and Level Annotations

Branches:
Dungeon (7/15)             Temple (1/1) D:5

Altars:
Ashenzari
Dithmenos
Elyvilon
Fedhas
Gozag
Hepliaklqana
Kikubaaqudgha
Makhleb
Nemelex Xobeh
Okawaru
Qazlal
Ru
Sif Muna
Trog
Uskayaw
Vehumet
Wu Jian
Xom
Yredelemnul
Zin
The Shining One

Annotations:
D:4 3 runed translucent doors, wingedge's ghost, novice DjAE
D:5 Prince Ribbit
D:6 3 runed translucent doors, Adrian566's ghost, novice DsFi; Zeldest's ghost, novice HOFi; gdog's ghost, weakling GnDe; nickcage's ghost, novice MfGl


Innate Abilities, Weirdness & Mutations

You have a beak for a mouth.
You have claws for feet.
Your magical nature lets you fly swiftly and evasively.


Message History

The wight hits your rat with a +3 scimitar!
Your rat dies!
Your rat's corpse disappears in a puff of smoke!
The wight barely misses something.
You swap places.
The wight hits your rat with a +0 hand axe!
Your rat dies!
Your rat's corpse disappears in a puff of smoke!
An orc comes into view. It is wielding a +0 hand axe.
The wight completely misses you.
A black bear and 2 kobolds come into view.
Your hound barely misses the wight.
The wight hits you with a +0 dagger!
The kobold brigand throws a poisoned dart.
The poisoned dart misses your hound. The poisoned dart closely misses you.
The kobold moves out of view.
The kobold throws a stone.
The stone hits your hound.
A kobold comes into view. It is wielding a +0 dagger.
A kobold comes into view. It is wielding a +0 short sword.
Your hound bites the wight but does no damage.
A kobold comes into view. It is wielding a +0 club.
Found a leather armour.
Your hound bites the wight but does no damage.
The wight hits you with a +3 scimitar!
* * * LOW HITPOINT WARNING * * *
The kobold throws a stone.
The stone closely misses you. The kobold closely misses your hound.
Your hound closely misses the wight.
The kobold completely misses your hound.
The kobold brigand closely misses your hound.
There is a stone staircase leading up here.
Your hound bites the wight.
The wight closely misses you. The black bear closely misses you.
The black bear barely misses you. The black bear misses you.
You fly upwards.
Level annotation: 3 runed translucent doors, Adrian566's ghost, novice DsFi; Zeldest's ghost, novice HOFi; gdog's ghost, weakling GnDe; nickcage's ghost, novice MfGl
There is a stone staircase leading down here.
Okay, then.
You feel better. The wight hits you with a +3 scimitar!
You die...
Your body rises from the dead as a mindless zombie.

<.##....#Z......##
#............
.....#...###...<##
#............
...####...####...#
##............ ..## ##Z..#
###.# #............. ..#
##Z.## ##'###...........##
.##
##.Z..###...###.......####
.#
##.....##.....####..####
.# ##..Z...#..#K#..# ####
## ##.......#..h@z..# #
#......).#..#z#..# #
##.......[##.....##
###......[)).#.).### #
#............#### ##
##............# #.
##..........## ##.
######..#### #.# #### ###


You could see a black bear, 2 wights and a kobold.

Vanquished Creatures
  A phantom (D:5)
  A scorpion (D:6)
  2 hounds (D:6)
  2 orc wizards (D:5)
  Robin (D:3)
  An ufetubus (D:5)
  3 orcs
  5 ball pythons
  3 bats
  4 endoplasms
  3 giant cockroaches
  4 goblins
  3 hobgoblins
  A jackal (D:2)
  2 quokkas
  3 kobolds
  6 rats
45 creatures vanquished.

Vanquished Creatures (collateral kills)
  A water moccasin (D:5)
  2 black bears
  An ice beast (D:7)
  A kobold brigand (D:6)
  3 scorpions (D:6)
  3 hounds
  2 orc priests (D:5)
  2 iguanas (D:5)
  3 orc wizards
  A gnoll (D:2)
  4 adders
  A white imp (D:5)
  19 orcs
  7 ball pythons
  10 endoplasms
  2 giant cockroaches (D:1)
  19 goblins
  10 hobgoblins
  5 jackals
  2 bats (D:2)
  2 frilled lizards
  9 kobolds
  4 rats (D:2)
113 creatures vanquished.

Vanquished Creatures (others)
  A black bear zombie (D:6)
  A scorpion zombie (D:6)
  An ice beast zombie (D:7)
  3 hound zombies (D:6)
  An adder zombie (D:6)
  3 kobold zombies (D:6)
  4 orc zombies (D:6)
14 creatures vanquished.

Grand Total: 172 creatures vanquished

Notes
Turn   | Place    | Note
-------+----------+-------------------------------------------
     0 | D:1      | lmSkywalker the Tengu Summoner began the quest for the Orb.
     0 | D:1      | Reached XP level 1. HP: 10/10 MP: 4/4
    57 | D:1      | Reached skill level 5 in Summonings
   131 | D:1      | Reached XP level 2. HP: 14/15 MP: 3/6
   369 | D:1      | Learned a level 2 spell: Call Imp
   501 | D:1      | Reached XP level 3. HP: 19/19 MP: 7/7
  1182 | D:2      | Learned a level 3 spell: Call Canine Familiar
  1780 | D:2      | Reached XP level 4. HP: 24/24 MP: 9/9
  2463 | D:3      | Reached skill level 1 in Fighting
  2486 | D:3      | Gained mutation: Your magical nature lets you fly swiftly
                  | and evasively. [Tengu growth]
  2486 | D:3      | Reached XP level 5. HP: 29/29 MP: 10/10
  2521 | D:3      | Learned a level 4 spell: Summon Lightning Spire
  2533 | D:3      | Noticed Robin
  2542 | D:3      | Killed Robin
  2898 | D:3      | Reached skill level 6 in Summonings
  3535 | D:4      | Noticed wingedge's ghost (novice DjAE)
  3536 | D:4      | Noticed a phantom
  3536 | D:4      | Noticed a yak
  3993 | D:4      | Found a runed translucent gate.
  3993 | D:4      | Found a runed translucent gate.
  3993 | D:4      | Found a runed translucent gate.
  4356 | D:5      | Entered Level 5 of the Dungeon
  4373 | D:5      | Noticed Prince Ribbit
  4496 | D:5      | Found a glowing golden altar of the Shining One.
  4503 | D:5      | Noticed a water moccasin
  4503 | D:5      | Found a stormy altar of Qazlal.
  4521 | D:5      | Killed a water moccasin
  4522 | D:5      | Reached XP level 6. HP: 36/36 MP: 11/12
  4698 | D:5      | Noticed a black bear
  4708 | D:5      | Killed a black bear
  4709 | D:5      | Reached XP level 7. HP: 26/40 MP: 14/14
  4918 | D:5      | Found a staircase to the Ecumenical Temple.
  4978 | Temple   | Entered the Ecumenical Temple
  5157 | Temple   | Became a worshipper of Yredelemnul the Dark
  5270 | D:5      | Reached skill level 7 in Summonings
  5541 | D:5      | Reached * piety under Yredelemnul
  6196 | D:6      | Reached XP level 8. HP: 48/48 MP: 16/16
  6218 | D:6      | Reached ** piety under Yredelemnul
  6271 | D:6      | Reached skill level 5 in Spellcasting
  6574 | D:6      | Reached skill level 8 in Summonings
  7189 | D:6      | Found a runed translucent gate.
  7189 | D:6      | Found a runed translucent gate.
  7189 | D:6      | Found a runed translucent gate.
  7191 | D:6      | Noticed nickcage's ghost (novice MfGl)
  7191 | D:6      | Noticed gdog's ghost (weakling GnDe)
  7192 | D:6      | Noticed Zeldest's ghost (novice HOFi)
  7192 | D:6      | Noticed Adrian566's ghost (novice DsFi)
  7703 | D:7      | Reached skill level 5 in Fighting
  7722 | D:6      | Slain by a wight

Illustrated notes

Levels and vault maps discovered:
D:1:      dpeg_arrival_prison, layout_loops_cross, minmay_small_reverse_x
D:2:      minmay_alternating_diamond, layout_basic, cheibrodos_gnoll_hut
D:3:      layout_rooms, wad_floor_pattern_1, nrook_campfire,
          minmay_misc_feat_nine_boxes, uniq_robin
D:4:      minmay_chambers_of_twos, layout_basic, gammafunk_ghost_split,
          lemuel_old_faithful
D:5:      layout_loops_ring, mainiacjoe_overflow_large_starburst,
          minmay_temple_entry_large_hall, hangedman_decor_peaks_small,
          kennysheep_donut, uniq_prince_ribbit1
D:6:      layout_cave_pods, gammafunk_ghost_cemetery, serial_park_tiny_pond,
          kennysheep_small_circle
D:7:      layout_basic, kennysheep_windowed_goal, uniq_duvessa
Temple:   nicolae_temple_bog_church

Skill      XL: |  1  2  3  4  5  6  7  8 |
---------------+-------------------------+-----
Summonings     | 5 6 7 8 |  8.4
Spellcasting   | 3 4 5 |  5.6
Fighting       | 1 2 4 5 |  5.1
Dodging        | 3 4 |  4.1
Stealth        | |  2.0

Action                   |  1- 3 |  4- 6 |  7- 9 || total
-------------------------+-------+-------+-------++-------
Melee: Unarmed           |     8 |       |       ||     8
       Peck              |     9 |     8 |     9 ||    26
       Kick              |    13 |    13 |    15 ||    41
       Whip              |    39 |    21 |    32 ||    92
       Dagger            |       |    20 |     2 ||    22
       Punch             |       |     1 |       ||     1
 Cast: Summon Small Mamm |    46 |    57 |    42 ||   145
       Call Imp          |    12 |    23 |    14 ||    49
       Call Canine Famil |       |    12 |    18 ||    30
  Use: Scroll            |     3 |     4 |     2 ||     9
       Potion            |       |       |     1 ||     1
 Stab: Sleeping          |     2 |       |       ||     2
Armor: Robe              |    13 |     5 |     3 ||    21
Dodge: Dodged            |    36 |    34 |    33 ||   103
Block: Other             |       |       |     4 ||     4
       Reflection        |       |       |     1 ||     1
